2567 views
Uploaded 2021-09-20 07:44:47
Game version 1.32.10
6:17 long 4on4 ladder game on (8)Feralas_LV
Saved by lowlyworm
2567 views
Uploaded 2021-09-20 07:44:47
Game version 1.32.10
6:17 long 4on4 ladder game on (8)Feralas_LV

/ 0.1k
39 buildings @ 5.8k
/ 1.9k

| Peon | 7 | 525 | / | 0 |
| Grunt | 8 | 1600 | / | 0 |
| total: | 15 | 2125g | / | 0w |
| Altar of Storms | 1 | 180 | / | 50 |
| Orc Burrow | 2 | 320 | / | 80 |
| Barracks | 2 | 360 | / | 100 |
| Voodoo Lounge | 1 | 130 | / | 30 |
| Stronghold | 1 | 315 | / | 190 |
| total: | 6 | 990g | / | 260w |
| 0:04 | Peon |
| 0:05 | Peon |
| 0:05 | Peon |
| 0:20 | Altar of Storms |
| 0:33 | Orc Burrow |
| 0:41 | Barracks |
| 0:57 | Peon |
| 1:17 | Peon |
| 1:17 | Peon |
| 1:48 | Barracks |
| 1:51 | Grunt |
| 2:06 | Orc Burrow |
| 2:09 | Peon |
| 2:25 | Grunt |
| 2:55 | Grunt |
| 3:20 | Grunt |
| 3:51 | Grunt |
| 4:03 | Hex |
| 5:50 | Grunt |
| 5:51 | Grunt |
| 5:57 | Voodoo Lounge |
| 6:00 | Stronghold |
| 6:14 | Grunt |
| Right click | 116 |
| Select | 64 |
| Select group | 27 |
| Build/train/purchase | 18 |
| Assign group | 7 |
| Use ability | 5 |
| Misc. action | 2 |
| Minimap ping | 1 |
| Select | 1 |

| Peasant | 19 | 1425 | / | 0 |
| Footman | 5 | 675 | / | 0 |
| Peon | 7 | 525 | / | 0 |
| Grunt | 11 | 2200 | / | 0 |
| total: | 42 | 4825g | / | 0w |
| Scout Tower | 4 | 120 | / | 80 |
| Arcane Tower | 1 | 70 | / | 50 |
| Farm | 4 | 320 | / | 80 |
| Altar of Kings | 1 | 180 | / | 50 |
| Barracks | 1 | 160 | / | 60 |
| Town Hall | 1 | 385 | / | 205 |
| Arcane Vault | 1 | 130 | / | 30 |
| Lumber Mill | 1 | 120 | / | 0 |
| Blacksmith | 1 | 140 | / | 60 |
| Keep | 1 | 320 | / | 210 |
| Orc Burrow | 4 | 640 | / | 160 |
| Altar of Storms | 1 | 180 | / | 50 |
| Barracks | 2 | 360 | / | 100 |
| Voodoo Lounge | 2 | 260 | / | 60 |
| total: | 23 | 2995g | / | 935w |
| 0:03 | Peasant |
| 0:04 | Peasant |
| 0:04 | Peasant |
| 0:04 | Peasant |
| 0:04 | Peasant |
| 0:05 | Peasant |
| 0:05 | Peasant |
| 0:05 | Peasant |
| 0:17 | Peon |
| 0:18 | Peon |
| 0:18 | Peon |
| 0:18 | Peon |
| 0:25 | Farm |
| 0:32 | Orc Burrow |
| 0:42 | Altar of Storms |
| 0:45 | Altar of Kings |
| 0:50 | Barracks |
| 0:58 | Barracks |
| 1:10 | Farm |
| 1:13 | Peasant |
| 1:13 | Peasant |
| 1:22 | Peon |
| 1:22 | Peon |
| 1:46 | Orc Burrow |
| 1:50 | Farm |
| 1:54 | Peasant |
| 1:54 | Peasant |
| 1:55 | Footman |
| 2:01 | Grunt |
| 2:05 | Footman |
| 2:08 | Peasant |
| 2:13 | Farm |
| 2:21 | Voodoo Lounge |
| 2:26 | Voodoo Lounge |
| 2:29 | Grunt |
| 2:29 | Grunt |
| 2:34 | Footman |
| 2:35 | Peasant |
| 2:42 | Serpent Ward |
| 2:46 | Peon |
| 2:57 | Summon Water Elemental |
| 3:00 | Footman |
| 3:08 | Peasant |
| 3:08 | Peasant |
| 3:31 | Grunt |
| 3:33 | Orc Burrow |
| 3:35 | Grunt |
| 3:35 | Grunt |
| 3:41 | Peasant |
| 3:41 | Peasant |
| 3:41 | Peasant |
| 3:43 | Footman |
| 4:18 | Town Hall |
| 4:27 | Grunt |
| 5:09 | Grunt |
| 5:12 | Barracks |
| 5:23 | Scout Tower |
| 5:25 | Scout Tower |
| 5:27 | Scout Tower |
| 5:27 | Scout Tower |
| 5:35 | Arcane Vault |
| 5:37 | Keep |
| 5:41 | Lumber Mill |
| 5:45 | Blacksmith |
| 5:54 | Grunt |
| 6:02 | Arcane Tower |
| 6:09 | Grunt |
| 6:09 | Grunt |
| 6:12 | Orc Burrow |
| Right click | 145 |
| Select group | 119 |
| Select | 109 |
| Build/train/purchase | 53 |
| Misc. action | 13 |
| Assign group | 9 |
| Use ability | 5 |
| Esc | 2 |
| Minimap ping | 2 |

| Wisp | 16 | 960 | / | 0 |
| Archer | 6 | 780 | / | 60 |
| Peon | 2 | 150 | / | 0 |
| total: | 24 | 1890g | / | 60w |
| Ancient Protector | 3 | 405 | / | 240 |
| Altar of Elders | 1 | 180 | / | 50 |
| Moon Well | 3 | 540 | / | 120 |
| Ancient of War | 1 | 150 | / | 60 |
| Tree of Life | 1 | 340 | / | 185 |
| Hunter's Hall | 1 | 210 | / | 100 |
| Tree of Ages | 1 | 320 | / | 180 |
| total: | 10 | 1825g | / | 755w |
| 0:02 | Wisp |
| 0:02 | Wisp |
| 0:04 | Wisp |
| 0:08 | Peon |
| 0:08 | Peon |
| 0:14 | Altar of Elders |
| 0:17 | Moon Well |
| 0:32 | Ancient of War |
| 0:46 | Wisp |
| 0:52 | Wisp |
| 1:06 | Wisp |
| 1:29 | Moon Well |
| 1:30 | Wisp |
| 1:33 | Archer |
| 1:52 | Archer |
| 2:13 | Moon Well |
| 2:16 | Force of Nature |
| 2:22 | Archer |
| 2:26 | Wisp |
| 2:28 | Wisp |
| 2:45 | Archer |
| 3:02 | Archer |
| 3:04 | Wisp |
| 3:05 | Wisp |
| 3:43 | Tree of Life |
| 3:46 | Entangling Roots |
| 4:00 | Hunter's Hall |
| 4:22 | Wisp |
| 4:35 | Wisp |
| 5:18 | Archer |
| 5:20 | Ancient Protector |
| 5:21 | Ancient Protector |
| 5:22 | Ancient Protector |
| 5:27 | Entangling Roots |
| 5:41 | Strength of the Moon |
| 5:42 | Tree of Ages |
| 6:01 | Wisp |
| 6:02 | Wisp |
| 6:02 | Wisp |
| Right click | 135 |
| Select | 100 |
| Misc. action | 39 |
| Build/train/purchase | 32 |
| Select group | 20 |
| Assign group | 9 |
| Use ability | 8 |
| Minimap ping | 2 |
61 units @ 6.7k
/ 0.2k
31 buildings @ 5.3k
/ 1.2k

| Lesser Clarity Potion | 2 | 140 |
| Dust of Appearance | 1 | 75 |
| total: | 3 | 215g |
| Wisp | 14 | 840 | / | 0 |
| Archer | 6 | 780 | / | 60 |
| total: | 20 | 1620g | / | 60w |
| Moon Well | 3 | 540 | / | 120 |
| Ancient of War | 2 | 300 | / | 120 |
| Altar of Elders | 1 | 180 | / | 50 |
| Ancient of Wonders | 1 | 90 | / | 30 |
| Hunter's Hall | 1 | 210 | / | 100 |
| Tree of Ages | 1 | 320 | / | 180 |
| total: | 8 | 1320g | / | 420w |
| 0:03 | Wisp |
| 0:03 | Wisp |
| 0:12 | Moon Well |
| 0:24 | Ancient of War |
| 0:26 | Wisp |
| 0:29 | Altar of Elders |
| 0:39 | Wisp |
| 0:58 | Wisp |
| 1:11 | Wisp |
| 1:29 | Wisp |
| 1:31 | Archer |
| 1:41 | Moon Well |
| 1:46 | Wisp |
| 1:51 | Archer |
| 2:12 | Ancient of Wonders |
| 2:25 | Ancient of War |
| 2:27 | Wisp |
| 2:31 | Breath of Fire |
| 2:52 | Wisp |
| 2:52 | Wisp |
| 3:25 | Drunken Haze |
| 3:33 | Archer |
| 3:33 | Archer |
| 3:36 | Wisp |
| 3:38 | Lesser Clarity Potion |
| 3:39 | Dust of Appearance |
| 3:39 | Lesser Clarity Potion |
| 3:44 | Archer |
| 3:52 | Moon Well |
| 3:57 | Wisp |
| 4:11 | Archer |
| 4:17 | Wisp |
| 5:11 | Tree of Ages |
| 5:14 | Hunter's Hall |
| Right click | 458 |
| Select group | 230 |
| Select | 109 |
| Chat | 77 |
| Build/train/purchase | 37 |
| Assign group | 19 |
| Misc. action | 9 |
| Use ability | 8 |
| Esc | 2 |
| Minimap ping | 2 |
| Item give/drop | 1 |

| Sacrificial Skull | 1 | 50 |
| total: | 1 | 50g |
| Acolyte | 3 | 225 | / | 0 |
| Ghoul | 4 | 480 | / | 0 |
| Crypt Fiend | 3 | 645 | / | 120 |
| Peon | 6 | 450 | / | 0 |
| total: | 16 | 1800g | / | 120w |
| Crypt | 1 | 200 | / | 50 |
| Altar of Darkness | 1 | 180 | / | 50 |
| Ziggurat | 2 | 300 | / | 100 |
| Graveyard | 1 | 215 | / | 0 |
| Tomb of Relics | 1 | 130 | / | 30 |
| Necropolis | 1 | 225 | / | 0 |
| Halls of the Dead | 1 | 320 | / | 210 |
| War Mill | 1 | 205 | / | 0 |
| Voodoo Lounge | 1 | 130 | / | 30 |
| Orc Burrow | 1 | 160 | / | 40 |
| total: | 10 | 1745g | / | 300w |
| 0:04 | Acolyte |
| 0:05 | Acolyte |
| 0:14 | Peon |
| 0:14 | Peon |
| 0:14 | Peon |
| 0:14 | Peon |
| 0:26 | Crypt |
| 0:31 | Altar of Darkness |
| 0:38 | Ziggurat |
| 1:02 | War Mill |
| 1:07 | Peon |
| 1:12 | Peon |
| 1:21 | Graveyard |
| 1:25 | Ziggurat |
| 1:29 | Ghoul |
| 1:48 | Voodoo Lounge |
| 1:52 | Ghoul |
| 1:53 | Ghoul |
| 2:03 | Orc Burrow |
| 2:30 | Tomb of Relics |
| 2:32 | Ghoul |
| 2:45 | Carrion Beetles |
| 2:58 | Crypt Fiend |
| 3:21 | Acolyte |
| 3:56 | Crypt Fiend |
| 4:02 | Halls of the Dead |
| 4:21 | Impale |
| 4:29 | Crypt Fiend |
| 4:31 | Sacrificial Skull |
| 6:02 | Necropolis |
| Right click | 103 |
| Select | 58 |
| Build/train/purchase | 25 |
| Remove unit | 6 |
| Assign group | 4 |
| Use ability | 3 |
| Select group | 2 |
| Item give/drop | 1 |

| Healing Salve | 3 | 300 |
| Lesser Clarity Potion | 2 | 140 |
| Scroll of Speed | 2 | 100 |
| Boots of Speed | 1 | 250 |
| total: | 8 | 790g |
| Peon | 14 | 1050 | / | 0 |
| Grunt | 11 | 2200 | / | 0 |
| total: | 25 | 3250g | / | 0w |
| Altar of Storms | 3 | 540 | / | 150 |
| Orc Burrow | 6 | 960 | / | 240 |
| War Mill | 1 | 205 | / | 0 |
| Barracks | 2 | 360 | / | 100 |
| Voodoo Lounge | 1 | 130 | / | 30 |
| total: | 13 | 2195g | / | 520w |
| 0:02 | Peon |
| 0:03 | Peon |
| 0:07 | Altar of Storms |
| 0:14 | Peon |
| 0:14 | Peon |
| 0:20 | Altar of Storms |
| 0:25 | Altar of Storms |
| 0:33 | Orc Burrow |
| 0:37 | Peon |
| 0:42 | Orc Burrow |
| 0:44 | Peon |
| 0:49 | Peon |
| 0:53 | Peon |
| 0:54 | Peon |
| 1:02 | War Mill |
| 1:06 | Barracks |
| 1:08 | Peon |
| 1:08 | Peon |
| 1:20 | Barracks |
| 1:27 | Peon |
| 1:43 | Peon |
| 1:47 | Voodoo Lounge |
| 1:57 | Orc Burrow |
| 2:01 | Orc Burrow |
| 2:08 | Peon |
| 2:13 | Grunt |
| 2:27 | Grunt |
| 2:38 | War Stomp |
| 2:49 | Grunt |
| 2:52 | War Stomp |
| 2:52 | War Stomp |
| 3:02 | Grunt |
| 3:08 | Orc Burrow |
| 3:14 | Grunt |
| 3:16 | Orc Burrow |
| 3:27 | Healing Salve |
| 3:27 | Lesser Clarity Potion |
| 3:27 | Scroll of Speed |
| 3:29 | Grunt |
| 3:33 | Healing Salve |
| 3:37 | Lesser Clarity Potion |
| 3:37 | Healing Salve |
| 3:38 | Scroll of Speed |
| 3:53 | Pillage |
| 4:11 | Grunt |
| 4:13 | Grunt |
| 4:45 | Grunt |
| 4:53 | Boots of Speed |
| 5:06 | Grunt |
| 5:06 | Grunt |
| Right click | 360 |
| Chat | 202 |
| Select | 148 |
| Select group | 110 |
| Build/train/purchase | 61 |
| Assign group | 12 |
| Misc. action | 8 |
| Use ability | 4 |
| Esc | 2 |
| Item give/drop | 1 |
โ